 Dungeon Sprint DCSS version 0.30-a0-1163-gf69bf04e7a (webtiles) character file.

Game seed: 15647075356674134442

108 sircluck the Trooper (level 4, -4/45 HPs)
             Began as a Hill Orc Fighter on Apr 28, 2023.
             Was a Believer of Beogh.
             Slain by a flying skull (9 damage)
             ... in the Dungeon (Sprint VII: "The Pits").
             The game lasted 00:01:00 (245 turns).

sircluck the Trooper (Hill Orc Fighter)              Turns: 245, Time: 00:01:00

Health: -4/45      AC: 13    Str: 20    XL:     4   Next: 87%
Magic:  4/4        EV:  8    Int:  8    God:    Beogh [**....]
Gold:   0          SH:  5    Dex: 10    Spells: 3/3 levels left

rFire   . . .        o - +3 hand axe (freeze)
rCold   . . .        c - +0 buckler
rNeg    . . .        p - +3 chain mail
rPois   .            (no helmet)
rElec   .            (no cloak)
rCorr   .            (no gloves)
SInv    .            (no boots)
Will    .....        (no amulet) Stlth
                     (no ring)
HPRegen 0.27/turn    (no ring)
MPRegen 0.09/turn

%: no teleportation
@: no status effects
A: no striking features
a: Renounce Religion, Smiting


You were in the Dungeon.
You worshipped Beogh.
Beogh was pleased with you.
You visited 1 branch

Inventory:

Hand Weapons
 a - a +0 war axe
 o - a +3 hand axe of freezing (weapon)
Missiles
 l - 14 stones (quivered)
Armour
 b - a +0 scale mail
 c - a +0 buckler (worn)
 p - a +3 chain mail (worn)
Scrolls
 j - a scroll of blinking
 m - 5 scrolls of amnesia
 n - a scroll of summoning
Potions
 d - a potion of might
 e - 6 potions of curing
 f - 6 potions of heal wounds
 g - a potion of haste
 h - 4 potions of magic
 i - 3 potions of berserk rage
 k - 2 potions of invisibility


   Skills:
 + Level 6.9 Fighting
 + Level 6.3 Axes
 + Level 6.1 Armour
 + Level 0.5 Dodging
 + Level 5.6 Shields


You had 3 spell levels left.
You didn't know any spells.
Your spell library was empty.

Dungeon Overview and Level Annotations

Branches:
Dungeon (1/1)

Altars:
Ashenzari
Cheibriados
Dithmenos
Elyvilon
Fedhas
Gozag
Hepliaklqana
Kikubaaqudgha
Makhleb
Nemelex Xobeh
Okawaru
Qazlal
Ru
Sif Muna
Trog
Uskayaw
Vehumet
Wu Jian
Xom
Yredelemnul
Zin
The Shining One
Beogh
Jiyva
Lugonu


Message History

The flying skull hits you but does no damage.
You miss the flying skull.
The flying skull is heavily damaged.
The flying skull hits you. The flying skull closely misses you.
You hit the flying skull.
The flying skull is heavily damaged.
You block the flying skull's attack.
The flying skull hits you but does no damage.
You closely miss the flying skull.
The flying skull is heavily damaged.
The flying skull hits you but does no damage.
You hit the flying skull but do no damage.
The flying skull is heavily damaged.
The flying skull hits you but does no damage.
You closely miss the flying skull.
The flying skull is heavily damaged.
The flying skull closely misses you. x2
You closely miss the flying skull.
The flying skull is heavily damaged.
The flying skull hits you!
* * * LOW HITPOINT WARNING * * *
You hit the flying skull but do no damage.
The flying skull is heavily damaged.
The flying skull barely misses you. The flying skull hits you.
* * * LOW HITPOINT WARNING * * *
You closely miss the flying skull.
The flying skull is heavily damaged.
The flying skull completely misses you.
You miss the flying skull.
The flying skull is heavily damaged.
The flying skull hits you.
* * * LOW HITPOINT WARNING * * *
The flying skull hits you but does no damage.
You slash the flying skull! You freeze the flying skull.
The flying skull is severely damaged.
The flying skull hits you but does no damage.
You hit the flying skull.
The flying skull is almost destroyed.
The flying skull hits you!
You die...

##########'##.....
#.?..')))'.##.....
##########.##.....
#..........)'.....
#'#####'#####.....
#.#..#..#..##.....
#.#..'†.'..#####'#
#.##'####'###.....
#@#.....)))##.....
#z#........##.....
#.#####'#####...<.
#.#..[)))..##.....
#.#...).)..##.....
#'###########.....
#.. ###### #...
#...#


You could see a flying skull.

Vanquished Creatures
  A floating eye (D)
  An orc (D)
  2 bat skeletons (D)
  A quokka (D)
  A bat (D)
  A giant cockroach zombie (D)
  3 kobolds (D)
10 creatures vanquished.

Notes
Turn   | Place    | Note
-------+----------+-------------------------------------------
     0 | D        | sircluck the Hill Orc Fighter began the quest for the Orb.
     0 | D        | Reached XP level 1. HP: 19/19 MP: 1/1
    67 | D        | Found a bloodstained altar of Trog.
    67 | D        | Found a shimmering blue altar of Sif Muna.
    67 | D        | Found a viscous altar of Jiyva.
    67 | D        | Found a hazy altar of Hepliaklqana.
    67 | D        | Found an opulent altar of Gozag.
    68 | D        | Found a glowing golden altar of the Shining One.
    68 | D        | Found a glowing silver altar of Zin.
    68 | D        | Found a basalt altar of Yredelemnul.
    68 | D        | Found a shimmering altar of Xom.
    68 | D        | Found an ornate altar of the Wu Jian Council.
    68 | D        | Found a sacrificial altar of Ru.
    68 | D        | Found a stormy altar of Qazlal.
    68 | D        | Found an iron altar of Okawaru.
    68 | D        | Found a sparkling altar of Nemelex Xobeh.
    68 | D        | Found a burning altar of Makhleb.
    68 | D        | Found a blossoming altar of Fedhas.
    68 | D        | Found a white marble altar of Elyvilon.
    68 | D        | Found a shadowy altar of Dithmenos.
    68 | D        | Found a snail-covered altar of Cheibriados.
    70 | D        | Found a radiant altar of Vehumet.
    70 | D        | Found a corrupted altar of Lugonu.
    70 | D        | Found a roughly hewn altar of Beogh.
    72 | D        | Found an ancient bone altar of Kikubaaqudgha.
    72 | D        | Found a hide-covered altar of Uskayaw.
    72 | D        | Found a broken altar of Ashenzari.
    80 | D        | Became a worshipper of Beogh the Brigand
   102 | D        | Reached * piety under Beogh
   114 | D        | Reached ** piety under Beogh
   115 | D        | Reached XP level 2. HP: 14/28 MP: 2/2
   182 | D        | Noticed a floating eye
   183 | D        | Paralysed by a floating eye for 4 turns
   190 | D        | Paralysed by a floating eye for 2 turns
   194 | D        | Killed a floating eye
   195 | D        | Reached skill level 5 in Shields
   195 | D        | Reached XP level 3. HP: 38/38 MP: 3/3
   195 | D        | Reached XP level 4. HP: 45/45 MP: 4/4
   215 | D        | Noticed a flying skull
   245 | D        | Slain by a flying skull

Illustrated notes

Levels and vault maps discovered:
D:        pitsprint [storerooms_1, entrance_room_1, metal_vault_3, armoury_1,
          mini_pit_1, grid_room_1, main_hall_1, silver_pit, the_coven_3,
          the_vestibule_1, steel_vault_1, golden_pit, hallway_of_sentries,
          crystal_vault_4, iron_vault_4, final_vault]

Skill      XL: |  1  2 |
---------------+-------+-----
Fighting       | 4 6 |  6.9
Axes           | 3 6 |  6.3
Armour         | 4 6 |  6.1
Shields        | 5 |  5.6
Dodging        | |  0.5

Action                     |  1- 3 |  4- 6 || total
---------------------------+-------+-------++-------
  Melee: War axe           |    17 |       ||    17
         Hand axe          |     8 |    26 ||    34
 Armour: Scale mail        |    17 |       ||    17
         Chain mail        |     6 |    12 ||    18
  Dodge: Dodged            |    11 |    10 ||    21
  Block: Buckler           |     3 |     5 ||     8

Table legend: (Time is in decaauts)
 A = Elapsed time spent in this place.
 B = Non-inter-level travel time spent in this place.
 C = Inter-level travel time spent in this place.
 D = Time resting spent in this place.
 E = Time spent auto-exploring this place.
 F = Levels seen in this place.
 G = Mean time per level.
                   A        B        C        D        E       F      G
               +--------+--------+--------+--------+--------+-----+--------+
         Total |    252 |    252 |      0 |      0 |     72 |   1 |  252.0 |
       Dungeon |    252 |    252 |      0 |      0 |     72 |   1 |  252.0 |
               +--------+--------+--------+--------+--------+-----+--------+

Top non-repeatable levels by time:
       D: 252 daAuts
